 Dungeon Crawl Stone Soup version 0.30-a0-722-g3e6e8c874d (webtiles) character file.

Game seed: 17801433347548601108

3563346 freelancePsychic the Sensei (level 27, 246/246 HPs)
             Began as a Demigod Conjurer on Jan 26, 2023.
             Escaped with the Orb
             ... and 5 runes on Jan 28, 2023!
             The game lasted 02:11:32 (62228 turns).

freelancePsychic the Sensei (Demigod Conjurer)     Turns: 62228, Time: 02:11:32

Health: 246/246    AC: 30    Str: 14    XL:     27
Magic:  27/51      EV: 40    Int: 65    God:
Gold:   930        SH:  0    Dex: 12    Spells: 13/46 levels left

rFire   + . .      SeeInvis .      - Unarmed
rCold   + . .      Faith    .    (shield currently unavailable)
rNeg    . . .      Spirit   .    (body armour currently unavailable)
rPois   ∞          Reflect  .    (helmet currently unavailable)
rElec   +          Harm     .    (cloak currently unavailable)
rCorr   .          Rampage  .    (gloves currently unavailable)
Will    ++++.                    (boots currently unavailable)
Stlth   +                        U - amulet of Xom's Wantonness {Fragile Fly Will+ Regen+ Str+6}
HPRegen 1.41/turn                M - ring of Egoetado {rC+ Will+ MP+9 Int+3}
MPRegen 0.32/turn                D - ring of the Dragon {rF+ Int+6 Stlth-}

@: mighty, brilliant, storm-form, flying, studying Ice Magic
A: cleaving, insubstantial, flying, high MP 1, forlorn, divine attributes,
inability to drink after injury 1
0: Orb of Zot
}: 5/15 runes: decaying, slimy, silver, abyssal, gossamer
a: Blinkbolt, End Transformation


You escaped.
You were a lightning-filled tempest!
You visited 11 branches of the dungeon, and saw 55 of its levels.
You visited the Abyss 1 time.
You also visited: Gauntlet, Ice Cave and Wizlab.

You collected 9109 gold pieces.
You spent 8179 gold pieces at shops.

Inventory:

Missiles
 H - 2 throwing nets
Armour
 d - a +2 pair of boots of stealth (melded)
 g - a +0 kite shield of cold resistance
 m - a +2 hat of intelligence (melded)
 p - a +2 robe of the Archmagi (melded)
 s - a +2 pair of gloves (melded)
 x - a +0 troll leather armour
 N - the +0 cloak "Gumit" (melded) {Drain Str+3 Int+2 Dex+2}
   (You found it in a Gauntlet)

   Str:       It affects your strength (+3).
   Int:       It affects your intelligence (+2).
   Dex:       It affects your dexterity (+2).
   Drain:     It drains your maximum health when unequipped.
 S - an orb of mayhem (melded)
Magical Staves
 a - a staff of air (melded) {!a}
Jewellery
 D - the ring of the Dragon (right fist) {rF+ Int+6 Stlth-}
   (You found it on level 3 of the Crypt)

   [ring of protection from fire]

   Int:       It affects your intelligence (+6).
   rF:        It protects you from fire.
   Stlth:     It makes you less stealthy.
 K - the ring "Ihe Gewe" {rElec Dex+6}
   (You found it on level 1 of the Lair of Beasts)

   [ring of dexterity]

   Dex:       It affects your dexterity (+6).
   rElec:     It insulates you from electricity.
 M - the ring of Egoetado (left fist) {rC+ Will+ MP+9 Int+3}
   (You found it in a Gauntlet)

   [ring of magical power]

   Int:       It affects your intelligence (+3).
   rC:        It protects you from cold.
   MP:        It affects your magic capacity (+9).
   Will:      It increases your willpower.
 U - the amulet of Xom's Wantonness (around neck) {Fragile Fly Will+ Regen+ Str+6}
   (You bought it in a shop on level 1 of the Elven Halls)

   [amulet of regeneration]

   Str:       It affects your strength (+6).
   Fly:       It grants you flight.
   Regen:     It increases your rate of health regeneration.
   Fragile:   It will be destroyed if unequipped.
   Will:      It increases your willpower.
 X - a ring of wizardry
 Y - a ring of resist corrosion
Wands
 c - a wand of light (31)
 w - a wand of paralysis (43)
 C - a wand of polymorph (21)
 J - a wand of roots (42)
 L - a wand of flame (65)
 R - a wand of digging (11)
Scrolls
 b - a scroll of summoning
 f - 6 scrolls of silence
 h - 28 scrolls of teleportation {@r4}
 i - 7 scrolls of fog
 n - 9 scrolls of enchant armour
 o - 12 scrolls of vulnerability
 q - 6 scrolls of magic mapping
 t - 10 scrolls of immolation
 y - 11 scrolls of poison
 z - 13 scrolls of torment
 A - 20 scrolls of enchant weapon
 E - 10 scrolls of blinking
 T - 5 scrolls of fear
Potions
 j - 13 potions of lignification
 k - 3 potions of magic
 l - 14 potions of brilliance
 r - 10 potions of attraction
 u - 2 potions of invisibility
 v - 14 potions of heal wounds {@q2}
 B - 5 potions of might
 F - 6 potions of haste {@q3}
 G - 2 potions of cancellation
 I - 2 potions of resistance
 O - 3 potions of ambrosia
 P - 22 potions of curing {@q1}
 Q - 9 potions of mutation
 Z - 9 potions of flight
Miscellaneous
 e - a phantom mirror
 V - a condenser vane


   Skills:
 - Level 20.0 Fighting
 - Level 20.0 Dodging
 - Level 4.0 Stealth
 * Level 26.7 Unarmed Combat
 - Level 10.0 Spellcasting
 - Level 8.4 Conjurations
 - Level 5.2 Translocations
 - Level 20.0 Transmutations
 - Level 5.1 Ice Magic
 - Level 20.0 Air Magic


You had 13 spell levels left.
You knew the following spells:

 Your Spells              Type           Power      Damage    Failure   Level
a - Blink                 Tloc           100%       N/A       1%          2
b - Wereblood             Tmut           100%       N/A       0%          2
d - Storm Form            Tmut/Air       82%        N/A       1%          7
e - Maxwell's Capacitive  Air            82%        ∞         1%          8
f - Apportation           Tloc           100%       N/A       1%          1
g - Iskenderun's Mystic   Conj/Tloc      100%       2d19      1%          4
h - Irradiate             Conj/Tmut      72%        3d35      1%          5
i - Manifold Assault      Tloc           100%       N/A       1%          4

Your spell library contained the following spells:

 Spells                   Type           Power      Damage    Failure   Level
 Beastly Appendage        Tmut           100%       N/A       0%          1
 Magic Dart               Conj           100%       1d8       0%          1
 Shock                    Conj/Air       100%       1d9       0%          1
 Sting                    Tmut/Pois      100%       1d8       0%          1
 Passwall                 Tmut/Erth      100%       N/A       0%          2
 Poisonous Vapours        Pois/Air       100%       N/A       0%          2
 Searing Ray              Conj           100%       2d8       0%          2
 Static Discharge         Conj/Air       100%       2-7/arc   0%          2
 Spider Form              Tmut/Pois      100%       N/A       0%          3
 Swiftness                Air            100%       N/A       0%          3
 Vhi's Electric Charge    Tloc/Air       100%       N/A       0%          3
 Airstrike                Air            82%        2d(12-28) 0%          4
 Blade Hands              Tmut           82%        N/A       0%          5
 Kiss of Death            Conj/Necr      100%       2d13      1%          1
 Necrotise                Necr           100%       1d9       1%          1
 Sandblast                Erth           96%        2d20      1%          1
 Summon Small Mammal      Summ           100%       N/A       1%          1
 Call Imp                 Summ           48%        N/A       1%          2
 Cigotuvi's Dreadful Rot  Necr/Pois/Air  100%       N/A       1%          2
 Ensorcelled Hibernation  Hex/Ice        100%       N/A       1%          2
 Scorch                   Fire           96%        2d10      1%          2
 Sublimation of Blood     Necr           48%        N/A       1%          2
 Call Canine Familiar     Summ           48%        N/A       1%          3
 Confusing Touch          Hex            48%        N/A       1%          3
 Dazzling Flash           Conj/Hex       100%       N/A       1%          3
 Hailstorm                Conj/Ice       100%       3d20      1%          3
 Ignite Poison            Fire/Tmut/Pois 100%       N/A       1%          3
 Inner Flame              Hex/Fire       48%        N/A       1%          3
 Kindle Blastsparks       Fire/Tloc/Air  100%       2d18      1%          3
 Mephitic Cloud           Conj/Pois/Air  100%       N/A       1%          3
 Stone Arrow              Conj/Erth      100%       3d13      1%          3
 Summon Guardian Golem    Hex/Summ       48%        N/A       1%          3
 Teleport Other           Tloc           100%       N/A       1%          3
 Tukima's Dance           Hex            48%        N/A       1%          3
 Vampiric Draining        Necr           48%        2d9       1%          3
 Flame Wave               Conj/Fire      92%        2d19      1%          4
 Fulminant Prism          Conj/Hex       46%        3d21      1%          4
 Ice Form                 Ice/Tmut       100%       N/A       1%          4
 Passage of Golubria      Tloc           100%       N/A       1%          4
 Petrify                  Tmut/Erth      100%       N/A       1%          4
 Sticky Flame             Conj/Fire      92%        2d10      1%          4
 Summon Ice Beast         Ice/Summ       78%        N/A       1%          4
 Summon Lightning Spire   Summ/Air       100%       N/A       1%          4
 Alistair's Intoxication  Tmut/Pois      84%        N/A       1%          5
 Arcjolt                  Conj/Air       72%        1d82      1%          5
 Freezing Cloud           Conj/Ice/Air   66%        6-21      1%          5
 Iskenderun's Battlesphe  Conj           100%       2d15      1%          5
 Lightning Bolt           Conj/Air       72%        1d98      1%          5
 Yara's Violent Unravell  Hex/Tmut       63%        3d24      1%          5
 Eringya's Noxious Bog    Tmut/Pois      63%        N/A       1%          6
 Statue Form              Tmut/Erth      84%        N/A       1%          6
 Dragon Form              Tmut           82%        N/A       1%          7
 Anguish                  Hex/Necr       24%        N/A       3%          4
 Animate Armour           Summ/Erth      96%        N/A       3%          4
 Animate Dead             Necr           48%        N/A       3%          4
 Cause Fear               Hex            24%        N/A       3%          4
 Dispel Undead            Necr           48%        3d18      3%          4
 Leda's Liquefaction      Hex/Erth       24%        N/A       3%          4
 Olgreb's Toxic Radiance  Pois           48%        N/A       3%          4
 Metabolic Englaciation   Hex/Ice        39%        N/A       3%          5
 Summon Forest            Summ/Tloc      39%        N/A       3%          5
 Agony                    Necr           48%        N/A       9%          5
 Borgnjor's Vile Clutch   Necr/Erth      24%        N/A       9%          5
 Lee's Rapid Deconstruct  Erth           24%        3d13*     9%          5
 Summon Mana Viper        Hex/Summ       48%        N/A       9%          5
 Iron Shot                Conj/Erth      46%        9d9       9%          6
 Starburst                Conj/Fire      46%        6d13      9%          6
 Orb of Destruction       Conj           59%        9d14      9%          7
 Simulacrum               Ice/Necr       39%        N/A       17%         6
 Ozocubu's Refrigeration  Ice            49%        4d18      32%         7
 Necromutation            Tmut/Necr      63%        N/A       34%         8
 Death Channel            Necr           24%        N/A       43%         6
 Summon Cactus Giant      Summ           24%        N/A       43%         6
 Spellforged Servitor     Conj/Summ      46%        N/A       43%         7
 Chain Lightning          Conj/Air       72%        3d96      67%         9
 Enfeeble                 Hex            24%        N/A       95%         7
 Haunt                    Necr/Summ      24%        N/A       95%         7
 Monstrous Menagerie      Summ           24%        N/A       95%         7
 Summon Hydra             Summ           24%        N/A       95%         7
 Borgnjor's Revivificati  Necr           24%        N/A       100%        8
 Ignition                 Fire           24%        3d8       100%        8
 Death's Door             Necr           24%        N/A       100%        9
 Dragon's Call            Summ           24%        N/A       100%        9
 Fire Storm               Conj/Fire      46%        8d12      100%        9
 Polar Vortex             Ice            49%        N/A       100%        9
 Shatter                  Erth           24%        3d21*     100%        9


Dungeon Overview and Level Annotations

Branches:
Dungeon (15/15)            Temple (0/1) D:6            Lair (5/5) D:8
  Swamp (4/4) Lair:2       Spider (4/4) Lair:2        Slime (5/5) Lair:5
    Orc (2/2) D:12            Elf (3/3) Orc:2        Vaults (5/5) D:13
  Crypt (3/3) Vaults:2       Tomb (0/3) Crypt:3      Depths (4/4) D:15
    Zot (5/5) Depths:4      IceCv (visited)          WizLab (visited)
Gauntlet (visited)

Shops:
D:10 :   D:13 *   Orc:2 ?(![   Elf:1 =:=   Elf:2 **   Elf:3 (   Depths:1 *
Depths:3 *

Portals:
Hell: Depths:1 Depths:2 Depths:3 Depths:4
Abyss: Depths:3
Pandemonium: Depths:2 Depths:3
Ziggurat: Depths:1

Annotations:
D:15 Roxanne, Rupert
Lair:4 1 runed translucent door
Swamp:1 Jorgrun
Elf:2 3 runed translucent doors, Agnes
Crypt:1 1 runed translucent door, Omiorith's ghost, adept GrFi
Zot:5 1 runed translucent door, Valagong's ghost, adept MiFi


Innate Abilities, Weirdness & Mutations

You are a lightning-filled tempest!
Your electrical attacks strike out in all directions at once.
You are incredibly evasive.
Your insubstantial body is immune to petrification, constriction, and being set on fire You are flying.
You are immune to poison.
Your armour is entirely melded.
You are incapable of wielding weapons or throwing items.
You have an increased reservoir of magic. (+10% MP)
You shall have no god before yourself.
Your divine heritage dramatically boosts your attributes as you level up.
You occasionally lose the ability to drink potions when taking damage.


Message History

You blast the seraph!!!!
The seraph gestures.
Casting: Manifold Assault (safe; 1% risk of failure)
Confirm with . or Enter, or press ? or * to list all spells.
You feel a surge of power!
Space momentarily warps into an impossible shape!
The daeva blocks your attack.
You hit the seraph but do no damage.
The seraph hits the plant with a +8 great sword of flaming!!!
The plant begins to die.
The seraph burns the plant.
The seraph dies!
The daeva dissolves into sparkling lights!
The cherub dissolves into sparkling lights!
The angel dissolves into sparkling lights!
Casting: Manifold Assault (safe; 1% risk of failure)
Confirm with . or Enter, or press ? or * to list all spells.
You feel a surge of power!
Space momentarily warps into an impossible shape!
You closely miss the angel.
Unknown command.
Press: ? - help, v - describe, . - travel
Here: a plant (sheltered from injuries)
The floor.
Unknown command.
Casting: Manifold Assault (safe; 1% risk of failure)
Confirm with . or Enter, or press ? or * to list all spells.
You feel a surge of power!
Space momentarily warps into an impossible shape!
You batter the angel!!
The angel hits something with a +1 whip of holy wrath!!
The angel hits something with a +1 whip of holy wrath.
Casting: Manifold Assault (safe; 1% risk of failure)
Confirm with . or Enter, or press ? or * to list all spells.
You feel a surge of power!
Space momentarily warps into an impossible shape!
You blast the angel!!!!
You kill the angel!
You feel yourself slow down.
A nearby plant withers and dies.
There is a staircase leading out of the dungeon here.
You have escaped!

......#.PP.P..PP.PP.PP..P#
..###...PP...PP.P.PP.P.PP#
..# ###.PP.P.P.PPP...P.PP#
..### #.PP.P.PP.P)P..P.PP#
....###.PP..P.PP)PP.PP.PP#
P♣...##.PPP.PP.PP..PP.PPP#
♣♣.♣P##.PPP.PPP...PPP.PPP#
♣♣♣.###.PPPP..PPPPP..PPPP#
P.P##


#.PPPPPP..v..PPPPPP# ..## #.PPPPPPPPPPPPPPPPP# #..## #.#####.......###### ##.>#
#.......####### ###.# #.##..###### .##.###.###......######
.##.....#...####.##...# ....#####♣♣♣♣ #....♣.♣ ###.....♣.PP♣ ####.♣.♣ There were
no monsters in sight!

Vanquished Creatures
  the Royal Jelly (Slime:5)
  A seraph (D:2)
  Tiamat (Zot:1)
  3 dread liches
  4 ancient liches
  3 orbs of fire (Zot:5)
  Mennas (Vaults:5)
  A juggernaut (Depths:3)
  Margery (Vaults:3)
  Head Instructor (WizLab)
  Saint Roka (Crypt:3)
  The ghost of SirDiesAlot the Eclecticist, an adept DsFE of Sif Muna (Depths:2)
  Xtahua (Crypt:3)
  9 Killer Klowns
  6 curse toes
  A caustic shrike (shapeshifter) (Vaults:5)
  Jory (Vaults:5)
  2 profane servitors (Crypt:3)
  19 golden dragons
  A pandemonium lord (Depths:4)
  3 bone dragons
  4 electric golems
  Mlioglotl (Swamp:3)
  22 tentacled monstrosities
  Zenata (Vaults:3)
  A Hell Sentinel (Depths:4)
  25 Orb Guardians (Zot:5)
  2 shard shrike zombies
  14 liches
  2 deep elf blademasters (Elf:3)
  7 titans
  A walking divine tome (Depths:2)
  6 quicksilver dragons
  A kraken (Abyss:5)
  18 acid blobs
  3 sphinxes
  The ghost of sokol815 the Warrior, an adept DgHu (Vaults:1)
  4 deep elf master archers
  15 ancient champions
  6 death cobs
  A thorn hunter (Swamp:3)
  8 tengu reavers
  21 storm dragons
  5 shadow dragons
  Kirke (Spider:1)
  5 draconian monks
  11 rockslimes
  7 azure jellies
  2 revenants (Crypt:3)
  15 deep elf sorcerers
  7 fire giants
  3 iron dragons
  5 ghost moths
  6 emperor scorpions
  Louise (Swamp:2)
  17 draconian knights
  4 frost giants
  10 draconian shifters
  20 vault wardens
  2 balrugs
  5 curse skulls
  2 shard shrike simulacra (Crypt:3)
  3 reapers
  6 deep elf elementalists (Elf:3)
  A ghost moth (shapeshifter) (Vaults:5)
  11 draconian annihilators
  12 draconian scorchers
  3 orc warlords
  An angel (D:1)
  6 draconian stormcallers
  3 spriggan defenders
  A caustic shrike skeleton (Crypt:3)
  5 war gargoyles
  A broodmother (Spider:1)
  7 ghouls
  A broodmother (shapeshifter) (Vaults:3)
  24 ironbound preservers
  A juggernaut skeleton (Crypt:3)
  16 stone giants
  9 ironbound thunderhulks
  12 quicksilver oozes
  4 vampire knights
  3 deep elf demonologists (Elf:3)
  20 very ugly things
  Azrael (D:15)
  18 black draconians
  19 purple draconians
  11 white draconians
  A demonspawn black sun (D:7)
  2 eleionomae (Swamp:3)
  14 yellow draconians
  12 red draconians
  A lorocyproca (Zot:5)
  20 green draconians
  8 deep elf annihilators (Elf:3)
  A minotaur (Gauntlet)
  4 bunyips
  16 dire elephants
  A blizzard demon (Depths:4)
  A dire elephant (shapeshifter) (Depths:1)
  11 spark wasps
  11 deep elf death magi
  16 jiangshi
  5 ettins
  4 eidola
  13 fire dragons
  3 shambling mangroves
  Josephine (D:12)
  12 great orbs of eyes
  12 deep elf high priests
  6 entropy weavers
  17 yaktaur captains
  42 vault guards
  2 hell beasts
  A rakshasa (Depths:2)
  4 peacekeepers
  5 jorogumos
  5 spriggan air magi
  The ghost of Anelople the Basher, a journeyman GnWn of Qazlal (D:14)
  6 ice dragons
  10 ironbound frosthearts
  A caustic shrike simulacrum (Crypt:3)
  9 hydras
  8 ogre magi
  4 ghost crabs
  2 fenstrider witch skeletons
  3 death knights
  6 centaur warriors
  A juggernaut simulacrum (Crypt:3)
  4 two-headed ogres
  A radroach (Spider:1)
  6 alligators
  8 boulder beetles
  6 deep troll shamans
  9 death yaks
  6 deep troll earth magi
  7 vampire magi
  21 dancing weapons
  8 tengu warriors
  12 orc high priests
  9 spriggan berserkers
  4 shock serpents (Zot:4)
  A soul eater (D:7)
  20 deep elf knights
  Sonja (Lair:3)
  A salamander mystic (Depths:1)
  A titan skeleton (Crypt:1)
  3 sun demons (D:13)
  A sun moth (Spider:3)
  4 sixfirhies (Zot:4)
  11 hell knights
  23 skeletal warriors
  A fire crab (Abyss:5)
  A spark wasp zombie (Crypt:2)
  15 shadow wraiths
  2 storm dragon skeletons
  3 cherubim (D:2)
  64 deep trolls
  6 pharaoh ants
  9 goliath frogs
  A fire crab (shapeshifter) (Vaults:5)
  10 iron trolls
  A bunyip zombie (Crypt:3)
  A death drake (Zot:1)
  An anaconda zombie (Crypt:3)
  3 orb spiders
  12 bog bodies
  10 flayed ghosts
  3 glowing orange brains
  3 spriggan druids
  5 steelbarb worms
  12 wizards
  7 lindwurms
  3 spectral hydras (Swamp:4)
  2 fenstrider witch simulacra (Crypt:3)
  26 deep elf archers
  A jorogumo zombie (Crypt:1)
  A swamp dragon (Swamp:1)
  10 necromancers
  15 phantasmal warriors
  4 harpies (Vaults:3)
  15 ironbound convokers
  A shadow dragon skeleton (Crypt:3)
  29 deep elf pyromancers
  2 sphinx zombies
  An oklob plant (Lair:5)
  9 orc knights
  4 manticores
  17 wolf spiders
  25 ugly things
  A fire giant zombie (Crypt:2)
  30 deep elf zephyrmancers
  4 mana vipers (WizLab)
  A mana viper (shapeshifter) (Vaults:5)
  4 orc sorcerers
  4 will-o-the-wisps
  2 cyclopes
  2 shining eyes
  2 centaur zombies (Crypt:3)
  3 salamanders
  10 elephants
  A stone giant zombie (Vaults:3)
  31 moths of wrath
  20 vault sentinels
  An elephant (shapeshifter) (Depths:4)
  5 eyes of devastation
  An ice statue (IceCv)
  A naga mage (WizLab)
  4 black mambas
  Maurice (D:9)
  2 apocalypse crabs (Abyss:5)
  11 demonic crawlers
  2 naga zombies
  A shock serpent zombie (Crypt:1)
  A dire elephant zombie (Crypt:3)
  17 cane toads
  A grey draconian zombie (Crypt:2)
  4 orange demons (D:15)
  7 torpor snails
  A centaur skeleton (Crypt:3)
  A shock serpent skeleton (Crypt:2)
  A human zombie (Vaults:3)
  6 rime drakes
  A storm dragon simulacrum (Crypt:3)
  A green draconian zombie (Crypt:3)
  45 yaktaurs
  14 freezing wraiths
  2 efreet
  An anaconda simulacrum (IceCv)
  2 unseen horrors
  A red draconian skeleton (Crypt:1)
  2 swamp worm zombies (Swamp:4)
  A hellwing (Depths:3)
  8 tengu conjurers
  5 komodo dragons
  A white draconian skeleton (Crypt:3)
  6 ice devils
  A harpy zombie (Crypt:3)
  A red devil (Depths:4)
  10 tyrant leeches
  A guardian mummy (Crypt:3)
  15 trolls
  An unseen horror skeleton (Crypt:1)
  2 hydra zombies (Swamp:4)
  26 tarantellas
  16 hornets
  2 bloated husks (Swamp:4)
  A harpy skeleton (Crypt:3)
  2 polar bears
  20 blink frogs
  5 raiju
  A blink frog (shapeshifter) (Vaults:5)
  A death drake skeleton (Crypt:1)
  2 alligator zombies (Swamp:4)
  A human simulacrum (Vaults:3)
  2 spectral swamp dragons (Swamp:4)
  6 air elementals
  15 spriggans
  24 jumping spiders
  8 flying skulls
  4 vampires
  3 centaur simulacra
  64 slime creatures
  A shadow (D:11)
  A guardian serpent skeleton (Crypt:2)
  2 dire elephant simulacra
  12 wraiths
  2 fire dragon skeletons
  17 culicivoras
  5 water elementals
  2 wyverns
  3 basilisks
  A large abomination (Abyss:5)
  6 fire bats (Abyss:5)
  46 yaks
  11 fire elementals
  6 chaos spawn
  3 golden eyes (Depths:4)
  2 hogs (Spider:1)
  19 vampire mosquitoes
  A neqoxec (Depths:3)
  42 redbacks
  Menkaure (D:6)
  A small abomination (Abyss:5)
  5 steam dragons
  A death yak simulacrum (IceCv)
  4 harpy simulacra (Crypt:3)
  10 wargs
  14 swamp worms
  12 hydra simulacra
  5 acid dragons
  13 hell hounds
  16 water moccasins
  A glowing shapeshifter skeleton (Crypt:2)
  5 sky beasts
  31 orc warriors
  A swamp drake (Swamp:1)
  2 ogre skeletons
  7 ogres
  5 black bears
  A fire dragon simulacrum (Crypt:3)
  An ettin simulacrum (Crypt:3)
  4 swamp dragon zombies
  4 ice beasts
  4 centaurs
  A wolf (shapeshifter) (Vaults:5)
  4 wolves (Gauntlet)
  3 phantoms
  2 kobold brigands
  19 bullfrogs
  An elf skeleton (Crypt:2)
  9 scorpions
  5 two-headed ogre simulacra
  5 earth elementals
  A wyvern zombie (Crypt:3)
  A water moccasin zombie (Crypt:1)
  5 cane toad simulacra
  6 necrophages
  A hornet simulacrum (D:14)
  2 spriggan zombies
  4 elephant simulacra (IceCv)
  12 killer bees
  A howler monkey (D:9)
  7 electric eels
  3 lava snakes (Lair:3)
  A wolf zombie (Crypt:3)
  3 hounds
  7 jellies
  A gnoll bouda (D:5)
  37 orc priests
  An iguana (D:5)
  3 hell rats (D:8)
  20 orc wizards
  A spectral swamp drake (Swamp:4)
  5 lightning spires (Zot:4)
  10 spriggan simulacra
  3 polar bear simulacra
  6 troll simulacra (IceCv)
  3 wolf simulacra (IceCv)
  12 mummies (Crypt:3)
  13 gnolls
  4 naga simulacra
  7 adders
  A shadow imp (D:5)
  12 white imps
  5 ufetubi
  An adder skeleton (Crypt:3)
  2 worms
  2 dart slugs (D:1)
  105 orcs
  8 endoplasms
  4 giant cockroaches
  7 goblins
  7 hobgoblins
  10 jackals
  9 kobolds
  4 quokkas
  11 ball pythons
  5 bats
  3 frilled lizards (D:3)
  A frilled lizard skeleton (Crypt:3)
  4 rats
  2 briar patches (Swamp:3)
  3 tentacles (Abyss:5)
2629 creatures vanquished.

Vanquished Creatures (collateral kills)
  A boulder beetle (Lair:5)
  A goliath frog (Lair:5)
  5 cane toads (Lair:5)
  A tyrant leech (Lair:5)
  2 blink frogs (Lair:5)
  A death yak simulacrum (Lair:5)
  2 bullfrogs (Lair:5)
  A wolf simulacrum (Lair:5)
14 creatures vanquished.

Vanquished Creatures (others)
  A seraph (D:1)
  A golden dragon (Zot:3)
  A deep elf master archer (Elf:3)
  A lich (Abyss:5)
  A draconian scorcher (Zot:3)
  2 cane toads (Lair:5)
  A yaktaur (Vaults:4)
  2 hydra zombies (Swamp:4)
  4 bloated husks
  A spectral swamp dragon (Swamp:4)
  A blink frog (Lair:5)
  A water elemental (Depths:3)
  A human (Spider:1)
  A vampire mosquito (Lair:5)
  A chaos spawn (Abyss:5)
  An acid dragon (Zot:1)
  2 phantoms (Swamp:4)
  An orc priest (Elf:3)
  A spectral swamp drake (Swamp:4)
  5 ball lightnings (Zot:4)
  4 foxfires
  25 fungi
  A lurking horror (Abyss:5)
  110 plants
  A tentacle (Abyss:5)
171 creatures vanquished.

Grand Total: 2814 creatures vanquished

Notes
Turn   | Place    | Note
-------+----------+-------------------------------------------
     0 | D:1      | freelancePsychic the Demigod Conjurer began the quest for
                  | the Orb.
     0 | D:1      | Reached XP level 1. HP: 14/14 MP: 5/5
   323 | D:1      | Reached XP level 2. HP: 20/22 MP: 7/7
   566 | D:1      | Learned a level 2 spell: Searing Ray
  1233 | D:2      | Reached skill level 1 in Fighting
  1233 | D:2      | Reached XP level 3. HP: 15/28 MP: 4/8
  1857 | D:2      | Got the Codex of Fulgent Space
  2482 | D:3      | Reached XP level 4. HP: 27/35 MP: 7/10
  2745 | D:3      | You fall into a shaft and drop 3 floors!
  2767 | D:6      | Noticed an ogre
  2775 | D:6      | Killed an ogre
  2776 | D:6      | Reached skill level 1 in Translocations
  2776 | D:6      | Reached XP level 5. HP: 41/41 MP: 6/11
  2786 | D:6      | Learned a level 4 spell: Iskenderun's Mystic Blast
  2789 | D:6      | Learned a level 2 spell: Blink
  2792 | D:6      | Noticed a water moccasin
  2793 | D:6      | Noticed a sky beast
  2793 | D:6      | Noticed a steam dragon
  2806 | D:6      | Noticed a black bear
  2811 | D:5      | Entered Level 5 of the Dungeon
  2918 | D:5      | Noticed an orc warrior
  2951 | D:5      | Killed a black bear
  2952 | D:5      | Reached skill level 5 in Conjurations
  3108 | D:6      | Reached XP level 6. HP: 48/48 MP: 4/13
  3118 | D:6      | Found a glowing drain.
  3598 | D:5      | Reached XP level 7. HP: 48/56 MP: 6/14
  3851 | D:4      | Identified the +10 falchion of the Horn {freeze, rPois
                  | Str+2 Stlth-}
  5340 | D:5      | Reached skill level 1 in Ice Magic
  5340 | D:5      | Reached skill level 1 in Air Magic
  5600 | D:5      | Reached XP level 8. HP: 60/66 MP: 8/15
  5638 | D:6      | Found a staircase to the Ecumenical Temple.
  6248 | D:6      | Reached skill level 5 in Fighting
  6292 | D:6      | Noticed Menkaure
  6298 | D:6      | Killed Menkaure
  6299 | D:6      | Reached XP level 9. HP: 71/74 MP: 12/16
  6804 | D:6      | Learned a level 5 spell: Freezing Cloud
  8085 | D:8      | Noticed a two-headed ogre
  8093 | D:8      | Killed a two-headed ogre
  8094 | D:8      | Reached skill level 5 in Ice Magic
  8094 | D:8      | Reached skill level 5 in Air Magic
  8126 | D:8      | Got the Spellbook of Outbursts
  8158 | D:8      | Reached XP level 10. HP: 84/84 MP: 10/18
  8169 | D:8      | Noticed a death yak
  8179 | D:8      | Killed a death yak
  8179 | D:8      | Noticed a death yak
  8179 | D:8      | Noticed a death yak
  8189 | D:8      | Killed a death yak
  8194 | D:8      | Killed a death yak
  8285 | D:8      | Found a staircase to the Lair.
  9061 | D:9      | Reached skill level 5 in Spellcasting
  9551 | D:9      | Identified the +6 short sword of a bailey {holy, *Corrode
                  | rC+ SInv}
  9577 | D:9      | Reached skill level 5 in Dodging
  9583 | D:9      | Reached XP level 11. HP: 80/94 MP: 13/22
  9785 | D:9      | Noticed Maurice
  9789 | D:9      | Killed Maurice
 10062 | D:10     | Entered Level 10 of the Dungeon
 10158 | D:10     | Found Duag's Tremendous Tomes.
 11363 | D:11     | Noticed a two-headed ogre
 11377 | D:11     | Killed a two-headed ogre
 11483 | Lair:1   | Entered Level 1 of the Lair of Beasts
 11910 | Lair:1   | Identified the ring "Ihe Gewe" {rElec Dex+6}
 12151 | Lair:2   | Found a gate leading to a gauntlet.
 12164 | Gauntlet | Entered a Gauntlet
 12164 | Gauntlet | Found a transporter.
 12192 | Gauntlet | Found a transporter.
 12192 | Gauntlet | Noticed a tengu warrior
 12207 | Gauntlet | Found a transporter.
 12210 | Gauntlet | Noticed a hell hog
 12212 | Gauntlet | Found a transporter.
 12227 | Gauntlet | Found a transporter.
 12249 | Gauntlet | Found a transporter.
 12258 | Gauntlet | Found a transporter.
 12260 | Gauntlet | Noticed a blizzard demon
 12267 | Gauntlet | Noticed a catoblepas
 12270 | Gauntlet | Found a transporter.
 12276 | Gauntlet | Found a transporter.
 12276 | Gauntlet | Found a transporter.
 12291 | Gauntlet | Found a transporter.
 12303 | Gauntlet | Found a transporter.
 12320 | Gauntlet | Found a transporter.
 12338 | Gauntlet | Found a transporter.
 12340 | Gauntlet | Found a transporter.
 12366 | Gauntlet | Found a transporter.
 12368 | Gauntlet | Found a transporter.
 12388 | Gauntlet | Found a transporter.
 12605 | Gauntlet | Killed a tengu warrior
 12606 | Gauntlet | Reached XP level 12. HP: 83/106 MP: 26/26
 12676 | Gauntlet | Identified the ring of Egoetado {rC+ Will+ MP+9 Int+3}
 12882 | Gauntlet | Identified the +0 cloak "Gumit" {Drain Str+3 Int+2 Dex+2}
 13031 | Gauntlet | Identified the +1 shortbow of Upheaval {flame, Fragile
                  | rElec rF+ Dex+2}
 13031 | Gauntlet | Noticed a minotaur
 13043 | Gauntlet | Killed a minotaur
 13044 | Gauntlet | Reached skill level 10 in Fighting
 13044 | Gauntlet | Reached skill level 1 in Transmutations
 13202 | Lair:2   | Identified a scroll of acquirement
 13203 | Lair:2   | Acquired a +1 pair of boots of stealth
 13284 | Lair:2   | Found a staircase to the Swamp.
 13339 | Lair:2   | Found a hole to the Spider Nest.
 13540 | Lair:2   | Learned a level 7 spell: Storm Form
 13578 | Lair:2   | Learned a level 5 spell: Irradiate
 14183 | Lair:3   | Noticed a seven-headed hydra
 14188 | Lair:3   | Killed a seven-headed hydra
 14809 | Lair:3   | Noticed Sonja
 14816 | Lair:3   | Killed Sonja
 15278 | Lair:4   | Reached skill level 5 in Transmutations
 15279 | Lair:4   | Reached skill level 10 in Air Magic
 15279 | Lair:4   | Reached XP level 13. HP: 54/116 MP: 5/27
 15845 | Lair:4   | You fall into a shaft and drop 1 floor!
 15845 | Lair:5   | Entered Level 5 of the Lair of Beasts
 15886 | Lair:5   | Found a frozen archway.
 15900 | Lair:5   | HP: 2/117 [boulder beetle (33)]
 16164 | IceCv    | Entered an ice cave
 17688 | Lair:5   | Found a staircase to the Slime Pits.
 17747 | Lair:5   | Reached skill level 1 in Unarmed Combat
 18098 | Lair:5   | Reached skill level 2 in Unarmed Combat
 18261 | Lair:5   | Identified the +5 flail of Judgement {drain, rPois Will-
                  | Int+4}
 18404 | Lair:5   | Got the Book of Baldness
 19249 | Lair:4   | Found a runed translucent door.
 19686 | D:11     | Reached XP level 14. HP: 127/127 MP: 28/28
 20042 | D:12     | Noticed Josephine
 20049 | D:12     | Killed Josephine
 20050 | D:12     | Reached skill level 3 in Unarmed Combat
 20776 | D:12     | Found a staircase to the Orcish Mines.
 20896 | D:13     | Found Unuguxae's Island Escapes.
 21005 | D:13     | Reached skill level 4 in Unarmed Combat
 21035 | D:13     | Found a gate to the Vaults.
 21324 | D:13     | Bought a scroll of blinking for 90 gold pieces
 21324 | D:13     | Bought a scroll of teleportation for 36 gold pieces
 21324 | D:13     | Bought a potion of haste for 120 gold pieces
 21324 | D:13     | Bought a scroll of blinking for 90 gold pieces
 21324 | D:13     | Bought a scroll of blinking for 90 gold pieces
 21909 | D:14     | Reached skill level 5 in Unarmed Combat
 22004 | D:14     | Acquired the Tome of the Butcher
 22112 | D:14     | Found a runed translucent door.
 22283 | D:14     | Noticed Anelople's ghost (journeyman GnWn)
 22388 | D:14     | Killed Anelople's ghost
 22432 | D:15     | Entered Level 15 of the Dungeon
 22801 | D:15     | Reached skill level 6 in Unarmed Combat
 22971 | D:15     | Noticed Rupert
 22972 | D:15     | Identified Roxanne's Enchiridion on Scree
 22972 | D:15     | Noticed Roxanne
 23379 | D:15     | Noticed a frost giant
 23379 | D:15     | Found a staircase to the Depths.
 23381 | D:15     | Killed a frost giant
 23517 | D:15     | Noticed Azrael
 23521 | D:15     | Killed Azrael
 23733 | Orc:1    | Entered Level 1 of the Orcish Mines
 24054 | Orc:2    | Entered Level 2 of the Orcish Mines
 24082 | Orc:2    | Reached XP level 15. HP: 133/137 MP: 30/30
 24214 | Orc:2    | Reached skill level 10 in Transmutations
 24533 | Orc:2    | Reached skill level 7 in Unarmed Combat
 24548 | Orc:2    | Found a staircase to the Elven Halls.
 24809 | Orc:2    | Found Dubuush's Distillery.
 24809 | Orc:2    | Found Sieged's Antique Armour Shop.
 24842 | Orc:2    | Bought a potion of haste for 140 gold pieces
 24842 | Orc:2    | Bought a potion of resistance for 140 gold pieces
 24989 | Orc:2    | Found Leny's Magic Scroll Emporium.
 25029 | Orc:2    | Bought a scroll of blinking for 97 gold pieces
 25029 | Orc:2    | Bought a scroll of teleportation for 39 gold pieces
 25029 | Orc:2    | Bought a scroll of poison for 52 gold pieces
 25034 | Orc:2    | Found Westonoe's Weapon Shop.
 25345 | Swamp:1  | Entered Level 1 of the Swamp
 25473 | Swamp:1  | Learned a level 2 spell: Wereblood
 25598 | Swamp:1  | Reached skill level 8 in Unarmed Combat
 25737 | Swamp:1  | Noticed Jorgrun
 25939 | Swamp:2  | Noticed Louise
 26047 | Swamp:2  | Killed Louise
 26796 | Swamp:3  | Noticed a thorn hunter
 26804 | Swamp:3  | Killed a thorn hunter
 27028 | Swamp:3  | Noticed Mlioglotl
 27033 | Swamp:3  | Reached skill level 9 in Unarmed Combat
 27034 | Swamp:3  | Noticed a lich
 27042 | Swamp:3  | Killed Mlioglotl
 27422 | Swamp:4  | Entered Level 4 of the Swamp
 27462 | Swamp:4  | Reached skill level 15 in Fighting
 27854 | Swamp:4  | Reached XP level 16. HP: 149/149 MP: 31/31
 28013 | Swamp:4  | Noticed a bone dragon
 28019 | Swamp:4  | Killed a bone dragon
 28020 | Swamp:4  | Reached skill level 10 in Unarmed Combat
 28099 | Swamp:4  | Got a decaying rune of Zot
 28215 | Spider:1 | Entered Level 1 of the Spider Nest
 28295 | Spider:1 | Noticed Kirke
 28306 | Spider:1 | Killed Kirke
 28354 | Spider:1 | Reached skill level 10 in Dodging
 28863 | Spider:1 | Reached skill level 11 in Unarmed Combat
 31196 | Spider:4 | Entered Level 4 of the Spider Nest
 31233 | Spider:4 | Reached XP level 17. HP: 128/156 MP: 32/32
 32143 | Spider:4 | Got a gossamer rune of Zot
 32654 | Elf:1    | Entered Level 1 of the Elven Halls
 32684 | Elf:1    | Reached skill level 12 in Unarmed Combat
 33827 | Elf:1    | Found Xitekhaf's Jewellery Shoppe.
 33830 | Elf:1    | Found Eskud's Book Boutique.
 33831 | Elf:1    | Found Zoeruviz's Jewellery Shoppe.
 33849 | Elf:1    | Bought the amulet of Xom's Wantonness {Fragile Fly Will+
                  | Regen+ Str+6} for 517 gold pieces
 33894 | Elf:2    | Reached skill level 15 in Air Magic
 34016 | Elf:2    | Found a runed translucent gate.
 34016 | Elf:2    | Found a runed translucent gate.
 34016 | Elf:2    | Found a runed translucent gate.
 34041 | Elf:2    | Identified the +9 morningstar "Viviebink" {freeze, Str+2
                  | Dex+3 SInv}
 34046 | Elf:2    | Paralysed by an air elemental for 1 turns
 34236 | Elf:2    | Reached XP level 18. HP: 159/167 MP: 33/33
 34320 | Elf:2    | Noticed Agnes
 34384 | Elf:2    | Found Leema's Specific Store.
 34385 | Elf:2    | Found Haowyger's General Store.
 34395 | Elf:2    | Bought a scroll of teleportation for 48 gold pieces
 34395 | Elf:2    | Bought a scroll of enchant armour for 120 gold pieces
 34579 | Elf:3    | Entered Level 3 of the Elven Halls
 34590 | Elf:3    | Reached skill level 13 in Unarmed Combat
 34782 | Elf:3    | Found Ukiept's Antique Weapon Shop.
 34893 | Elf:3    | Paralysed by an air elemental for 1 turns
 35067 | Elf:3    | Identified the +7 falchion of Yttiy {protect, *Noise +Blink
                  | rElec Int-2}
 35090 | Elf:3    | Reached skill level 14 in Unarmed Combat
 35443 | Elf:3    | Identified the amulet of Fyta {rPois Regen+}
 35506 | Elf:3    | Identified the +1 spear of Calculation {freeze, rC+ Dex+3}
 35511 | Elf:3    | Identified the +1 whip of Ippymurch {freeze, rC- Int+2
                  | Dex+8}
 35926 | Vaults:1 | Entered Level 1 of the Vaults
 36075 | Vaults:1 | Found a runed translucent gate.
 36075 | Vaults:1 | Found a runed translucent gate.
 36075 | Vaults:1 | Found a runed translucent gate.
 36076 | Vaults:1 | Noticed sokol815's ghost (adept DgHu)
 36115 | Vaults:1 | Killed sokol815's ghost
 36377 | Vaults:1 | Reached XP level 19. HP: 177/177 MP: 34/34
 37223 | Vaults:2 | Found a staircase to the Crypt.
 37276 | Vaults:2 | Reached skill level 15 in Transmutations
 37533 | Vaults:2 | Reached skill level 15 in Unarmed Combat
 37847 | Vaults:2 | You are sucked into a shaft and drop 1 floor!
 37857 | Vaults:3 | Found a magical portal.
 37871 | WizLab   | Entered Yara's Duelist Academy
 37988 | WizLab   | Got Yara's Vellum of Fascination
 38171 | WizLab   | Noticed Pamyuj
 38180 | WizLab   | Killed Pamyuj the Head Instructor
 38518 | WizLab   | Got Yara's Compilation of Curses
 38520 | WizLab   | Got Yara's Teachings on the Maleficium
 38655 | Vaults:3 | Noticed Zenata
 38661 | Vaults:3 | Killed Zenata
 38823 | Vaults:3 | Noticed Margery
 38831 | Vaults:3 | Killed Margery
 39065 | Vaults:3 | Reached XP level 20. HP: 163/193 MP: 35/35
 41925 | Vaults:5 | Entered Level 5 of the Vaults
 41927 | Vaults:5 | Noticed an ancient lich
 41940 | Vaults:5 | Killed an ancient lich
 42138 | Vaults:5 | Reached skill level 16 in Unarmed Combat
 42138 | Vaults:5 | Reached XP level 21. HP: 180/181 MP: 36/36
 42163 | Vaults:5 | Learned a level 8 spell: Maxwell's Capacitive Coupling
 42547 | Vaults:5 | Noticed a dread lich
 42558 | Vaults:5 | Killed a dread lich
 42656 | Vaults:5 | Noticed Jory
 42660 | Vaults:5 | Killed Jory
 42669 | Vaults:5 | Reached skill level 15 in Dodging
 42744 | Vaults:5 | Noticed a golden dragon
 42753 | Vaults:5 | Killed a golden dragon
 42802 | Vaults:5 | Noticed Mennas
 42816 | Vaults:4 | Killed a ghostly golden dragon
 43012 | Vaults:5 | Killed Mennas
 43093 | Vaults:5 | Identified the +4 battleaxe of the Four Xalams {flame,
                  | Contam rPois rF+ Will+}
 43112 | Vaults:5 | Identified the +6 long sword of Spite {freeze, rF- Will+
                  | MP+9 Int+4}
 43517 | Vaults:5 | Noticed a caustic shrike
 43521 | Vaults:5 | Killed a caustic shrike
 43819 | Vaults:5 | Got a silver rune of Zot
 44361 | Vaults:5 | Upgraded the game from 0.30-a0-719-gcc4359ea44 to
                  | 0.30-a0-722-g3e6e8c874d
 44585 | Crypt:1  | Entered Level 1 of the Crypt
 45099 | Crypt:1  | Found a runed translucent door.
 45103 | Crypt:1  | Noticed Omiorith's ghost (adept GrFi)
 45418 | Crypt:2  | Reached XP level 22. HP: 209/209 MP: 37/37
 45447 | Crypt:2  | Reached skill level 17 in Unarmed Combat
 46096 | Crypt:3  | Entered Level 3 of the Crypt
 46181 | Crypt:3  | Found a staircase to the Tomb.
 46207 | Crypt:3  | Noticed an ancient lich
 46213 | Crypt:3  | Killed an ancient lich
 46219 | Crypt:3  | Noticed Xtahua
 46232 | Crypt:3  | Killed Xtahua
 47012 | Crypt:3  | Noticed Saint Roka
 47180 | Crypt:3  | Killed Saint Roka
 47437 | Crypt:3  | Found the +7 sceptre of Torment {pain, torment}
 47445 | Crypt:3  | Identified the ring "Imiwig" {rPois Dex+2}
 47449 | Crypt:3  | Identified the ring of the Dragon {rF+ Int+6 Stlth-}
 47741 | Depths:1 | Entered Level 1 of the Depths
 47993 | Depths:1 | Reached XP level 23. HP: 215/215 MP: 38/38
 48023 | Depths:1 | Identified the ring "Foliomn" {rPois rF+ Int-2 Dex+7 SInv}
 48215 | Depths:1 | Found a one-way gateway to a ziggurat.
 48249 | Depths:1 | You are sucked into a shaft and drop 1 floor!
 48520 | Depths:1 | Found Big Baal Hell's Store.
 48550 | Depths:1 | Found a gateway to Hell.
 49111 | Depths:2 | Reached skill level 18 in Unarmed Combat
 49282 | Depths:2 | Found a runed translucent gate.
 49282 | Depths:2 | Found a runed translucent gate.
 49284 | Depths:2 | Found a runed translucent gate.
 49406 | Depths:2 | Got the Octavo of the Plutonic Assassin
 49654 | Depths:2 | Noticed SirDiesAlot's ghost (adept DsFE)
 49654 | Depths:2 | Noticed a dread lich
 49654 | Depths:2 | Noticed an ancient lich
 49654 | Depths:2 | Noticed a dread lich
 49763 | Depths:2 | Found a one-way gate leading to the halls of Pandemonium.
 50193 | Depths:2 | Killed a dread lich
 50193 | Depths:2 | Killed an ancient lich
 50195 | Depths:2 | Killed a dread lich
 50198 | Depths:2 | Killed SirDiesAlot's ghost
 50224 | Depths:2 | Identified the +0 pair of boots of Ringih {rElec}
 50227 | Depths:2 | Identified the ring "Golygoyh" {rElec rPois rN+ Int+3}
 50497 | Depths:3 | Found Saucylist's Assorted Antiques.
 50612 | Depths:3 | Noticed a juggernaut
 50619 | Depths:3 | Killed a juggernaut
 50811 | Depths:3 | Found a one-way gate to the infinite horrors of the Abyss.
 51073 | Depths:4 | Entered Level 4 of the Depths
 52068 | Depths:4 | Reached XP level 24. HP: 172/224 MP: 38/38
 52152 | Depths:4 | Found a gate to the Realm of Zot.
 52358 | Abyss:4  | Cast into level 4 of the Abyss (unwielding a weapon of
                  | distortion)
 52451 | Abyss:5  | Learned a level 1 spell: Apportation
 52517 | Abyss:5  | Reached skill level 19 in Unarmed Combat
 52524 | Abyss:5  | Got an abyssal rune of Zot
 52532 | Depths:2 | Escaped the Abyss
 52878 | Vaults:3 | Learned a level 4 spell: Manifold Assault
 53185 | Slime:1  | Entered Level 1 of the Pits of Slime
 53596 | Slime:5  | Entered Level 5 of the Pits of Slime
 53625 | Slime:5  | Gained mutation: You occasionally lose the ability to drink
                  | potions when taking damage. [a shining eye]
 53633 | Slime:5  | Noticed the Royal Jelly
 53655 | Slime:5  | Killed the Royal Jelly
 54013 | Slime:5  | Identified the +2 great mace of Departure {pain, SInv
                  | Stlth+}
 54022 | Slime:5  | Got a slimy rune of Zot
 54029 | Slime:5  | Got Enkiulel's Anthology of the Translocated Undead
 54060 | Slime:5  | Identified the +11 hand axe of Qecwit {drain, rN+ Str+4}
 54065 | Slime:5  | Identified the +1 robe "Geukyal" {Int+2}
 54085 | Slime:5  | Identified the +10 mace of Puabrargh {drain, rPois Stlth+}
 54099 | Slime:5  | Identified the ring of the King {Wiz rF+ rC+}
 54698 | Zot:1    | Entered Level 1 of the Realm of Zot
 54814 | Zot:1    | Reached skill level 5 in Translocations
 54887 | Zot:1    | Reached skill level 10 in Spellcasting
 55058 | Zot:1    | Reached skill level 20 in Unarmed Combat
 55082 | Zot:1    | Found the +4 dragonskin cloak
 55082 | Zot:1    | Noticed Tiamat
 55168 | Zot:1    | Killed Tiamat
 55562 | Zot:1    | Found the +6 Majin-Bo {spellvamp, MP+6 Int+6}
 55695 | Zot:1    | Found the +3 greatsling "Punk" {acid, rCorr}
 55696 | Zot:1    | Got Jun Bam's Anthology of the Changed Summer
 56366 | Depths:1 | Bought 2 potions of experience for 6600 gold pieces
 56704 | Zot:2    | Reached XP level 25. HP: 205/231 MP: 35/42
 56706 | Zot:1    | Reached XP level 26. HP: 207/239 MP: 35/42
 56707 | Zot:1    | Reached XP level 27. HP: 214/246 MP: 36/42
 56795 | Zot:2    | Reached skill level 21 in Unarmed Combat
 57204 | Zot:2    | You are sucked into a shaft and drop 2 floors!
 57908 | Zot:4    | Reached skill level 22 in Unarmed Combat
 58965 | Zot:2    | Reached skill level 23 in Unarmed Combat
 59858 | Zot:5    | Entered Level 5 of the Realm of Zot
 59981 | Zot:5    | Reached skill level 24 in Unarmed Combat
 60133 | Zot:5    | Noticed an orb of fire
 60133 | Zot:5    | Noticed an orb of fire
 60135 | Zot:5    | Noticed an ancient lich
 60144 | Zot:5    | Killed an ancient lich
 60159 | Zot:5    | Killed an orb of fire
 60171 | Zot:5    | Killed an orb of fire
 60203 | Zot:5    | Reached skill level 25 in Unarmed Combat
 60437 | Zot:5    | Noticed an orb of fire
 60450 | Zot:5    | Killed an orb of fire
 60916 | Zot:5    | Reached skill level 26 in Unarmed Combat
 61129 | Zot:5    | Found a runed translucent door.
 61130 | Zot:5    | Noticed Valagong's ghost (adept MiFi)
 61486 | Zot:5    | Got the Orb of Zot
 61700 | Depths:4 | Noticed Mosemnipe the pandemonium lord
 61707 | Depths:4 | Killed Mosemnipe the pandemonium lord
 62151 | D:2      | Noticed a seraph
 62155 | D:2      | Killed a seraph
 62207 | D:1      | Noticed a seraph
 62212 | D:1      | Killed a seraph
 62228 | D:$      | Escaped with the Orb!

Illustrated notes

Levels and vault maps discovered:
D:1:      roderic_crop_circles_arrival_small, layout_rooms, serial_forest,
          infiniplex_forest_clump_tiny, infiniplex_forest_end_double,
          infiniplex_forest_end_2, infiniplex_forest_3_way,
          infiniplex_forest_straight_1, infiniplex_forest_end_2,
          infiniplex_forest_clump_long, minmay_misc_feat_diagonals, hex_tiny
D:2:      layout_basic
D:3:      layout_rooms, nicolae_wu_jian_wuxing_cycle,
          hellmonk_ecumenical_altar_crossroads
D:4:      layout_loops_ring, mainiacjoe_overflow_small_starburst,
          okawaru_ov_weapons_minmay
D:5:      layout_loops_corners, kennysheep_generic_room_7
D:6:      layout_basic, xom_confusion_cloud, temple_statues,
          cheibrodos_sewer_entry_drain, uniq_menkaure
D:7:      layout_gridville
D:8:      layout_loops_ring, dpeg_lair_monsters, st_stairs_9,
          serial_bayou_ford_a, minmay_radiant
D:9:      layout_basic, dreamdust_divine_triumvirate, uniq_maurice
D:10:     layout_stronghold, nicolae_shop_i_like_big_books
D:11:     layout_big_octagon
D:12:     layout_roguey, hiddenorc1_lemuel, uniq_josephine
D:13:     layout_long_grid, lightli_vaults_fourway_checkpoint, serial_rivers,
          chequers_serial_rivers_large_b, chequers_serial_rivers_small_a,
          chequers_serial_rivers_micro_e, chequers_serial_rivers_micro_d,
          nicolae_island_escapes
D:14:     layout_rooms, ebering_ghost_reflecting_pool, nicolae_ru_path_of_blood
D:15:     grunt_enter_depths_snipers, layout_basic, amethyst_killhole,
          hangedman_decor_lopped, einodemon_barbed_minivault, uniq_azrael,
          uniq_roxanne, uniq_rupert
Lair:1:   layout_hall_layers, serial_bayou_pond_a, serial_bayou_shore_b,
          grunt_megastairs_1, infiniplex_staircase_pool_2
Lair:2:   layout_chaotic_city, swamp_mist_pool, spider_nest_entry_a,
          gauntlet_entry_generic, st_stairs_5, minivault_27
Lair:3:   layout_chaotic_city, nicolae_lair_liquid_snakes, uniq_sonja
Lair:4:   gammafunk_mikee_crab_dinner, layout_regular_city,
          grunt_forest_large_clearing_hut
Lair:5:   minmay_lair_end_frog_pond, layout_hall_layers,
          minmay_slime_entry_pillars, portal_ice_cave_entry_ice_simulacra,
          basic_altar, serial_bayou_shore_b
Swamp:1:  layout_falls_marsh, nicolae_swamp_big_swirl, uniq_jorgrun
Swamp:2:  layout_basic_swamp, evilmike_swamp_ruin_rubble_1, uniq_louise
Swamp:3:  layout_falls_marsh, serial_swamp_ruin, evilmike_swamp_ruin_house_1,
          evilmike_swamp_ruin_house_3, evilmike_swamp_ruin_rubble_2,
          uniq_mlioglotl
Swamp:4:  swamp_pestilence, layout_basic_swamp
Spider:1: layout_spider_delve, hellmonk_spider_spawner, uniq_kirke
Spider:2: layout_spider_delve, nicolae_spider_paper_wasps
Spider:3: layout_spider_delve, drop_trap, nicolae_spider_webs_and_nodes
Spider:4: guppyfry_spider_rune, nicolae_spider_spiderdrome
Slime:1:  layout_caves, basic_altar, cheibrodos_slime_lost_civilization_4
Slime:2:  layout_caves, cheibrodos_slime_lost_civilization_6
Slime:3:  layout_caves, uniq_dissolution
Slime:4:  layout_caves
Slime:5
Orc:1:    layout_caves
Orc:2:    st_orc_town, layout_caves, basic_altar
Elf:1:    minmay_elf_arrival_plus, layout_geoelf_grid, basic_altar,
          minivault_28, grunt_megastairs_2, minmay_shop_grove
Elf:2:    elven_hall_of_blades_hangedman_original [mumra_blade_entry_bloodbath],
          layout_loops_cross, nicolae_specific_store, uniq_agnes
Elf:3:    nooodl_elf_gasket, layout_gridlike, serial_shops, shop,
          grunt_ministairs_10, st_stairs_2
Vaults:1: ebering_ghost_rock_garden, nicolae_vaults_disjoint_gnomons, v_misc_22,
          ontoclasm_vaults_bender, nicolae_vaults_triangles,
          hangedman_vaults_slither, nicolae_vaults_bisected_exclaves,
          nicolae_vaults_little_squares_2, vaults_mumra_chevron,
          layout_vaults_omnibox
Vaults:2: nicolae_vaults_rhombus_5, nicolae_vaults_little_squares_5,
          nicolae_vaults_shelves_hall, v_misc_5, nicolae_vaults_display_case,
          v_misc_23, v_misc_8, vaults_mumra_hex, vaults_room_stairs_pillars,
          layout_vaults_quadrants, dummy_crypt_entry
Vaults:3: infiniplex_enter_wizlab_water, nicolae_vaults_network_quinsquares
          [nicolae_vaults_network_quincunx_subvault,
          nicolae_vaults_network_quincunx_subvault,
          nicolae_vaults_network_quincunx_subvault,
          nicolae_vaults_network_quincunx_subvault],
          nicolae_vaults_holding_cells, nicolae_vaults_bisected_slash,
          nicolae_vaults_network_periphery, vaults_standard_mumra_lines,
          vaults_mumra_minichess_inversion, nicolae_vaults_network_star,
          v_pattern_5, ontoclasm_vaults_loading_screen, layout_vaults_ring,
          uniq_margery, uniq_zenata
Vaults:4: v_misc_17, kb_rosetta, vaults_standard_mumra_x, v_rooms_1,
          vaults_room_stairs_pillars, v_rooms_3, v_misc_8, ontoclasm_vaults_eye,
          v_misc_2, nicolae_vaults_mini_display_case, layout_vaults_omnicross
Vaults:5: uniq_mennas, uniq_jory
Crypt:1:  layout_catacombs, ebering_ghost_reflecting_pool
Crypt:2:  layout_misc_corridors
Crypt:3:  lightli_unholy_cathedral, layout_chaotic_city,
          nicolae_tomb_entry_unfolded_pyramid_diagonal, st_chilly_death,
          uniq_saint_roka, uniq_xtahua
Depths:1: layout_honeycomb, enter_ziggurat_e, nicolae_hell_entry_big_baal_hell,
          hangedman_decor_peaks_small, minmay_stone_trees_large,
          serial_sigils_hangedman_shear, minmay_swirly_circle
Depths:2: minmay_the_grid_triangle_9x9_recursive_2
          [minmay_the_grid_triangle_9x9_prize_top_heavy,
          minmay_the_grid_triangle_9x9_corruption,
          minmay_the_grid_triangle_9x9_shrine,
          minmay_the_grid_triangle_9x9_pentomino_pain], layout_gridlike,
          gammafunk_ghost_crypt, hangedman_tar_grid_catacomb,
          grunt_pan_entry_spiral, tso_metal_star
Depths:3: cheibrodos_hall_of_evolution, layout_cave_pools,
          abyss_entry_flame_altar, rand_demon_pan_entry_5, elyvilon_altar_3,
          hell_entry, serial_shops, shop
Depths:4: evilmike_zot_entry_hall, layout_gridville, grunt_mini_vestibule,
          basic_altar, serial_bayou_shore_b
Zot:1:    layout_onion_interference, st_grand_hoard_of_tiamat
Zot:2:    layout_onion, uniq_tiamat
Zot:3:    layout_misc_corridors
Zot:4:    infiniplex_zot_generator, layout_twisted_circle
Zot:5:    layout_misc_corridors, ebering_ghost_inner_flame,
          guppyfry_library_mini

Skill      XL: |  1  2  3  4  5  6  7  8  9 10 11 12 13 14 15 16 17 18 19 20 21 22 23 24 25 26 27 |
---------------+----------------------------------------------------------------------------------+-----
Stealth        | 2 3 4 |  4.0
Spellcasting   | 2 3 5 7 10 | 10.0
Conjurations   | 4 5 6 7 8 |  8.4
Fighting       | 1 2 3 5 6 8 9 11 12 13 15 16 17 20 | 20.0
Translocations | 1 2 3 5 |  5.2
Ice Magic      | 1 3 5 |  5.1
Air Magic      | 1 3 5 7 10 12 13 14 15 16 17 18 19 20 | 20.0
Dodging        | 5 7 8 12 14 16 18 19 20 | 20.0
Transmutations | 5 7 9 11 12 14 15 16 17 18 19 20 | 20.0
Unarmed Combat | 2 6 9 11 12 14 15 16 17 18 20 26 | 26.7

Action                     |  1- 3 |  4- 6 |  7- 9 | 10-12 | 13-15 | 16-18 | 19-21 | 22-24 | 25-27 || total
---------------------------+-------+-------+-------+-------+-------+-------+-------+-------+-------++-------
  Melee: Unarmed           |    12 |       |       |       |   756 |   841 |   867 |  1089 |   542 ||  4107
         Spear             |    58 |    34 |       |       |       |       |       |       |       ||    92
         Punch             |     1 |       |       |       |    33 |    71 |   108 |   134 |    76 ||   423
         Falchion          |       |       |    28 |    57 |     7 |       |       |       |       ||    92
   Fire: Sling             |    28 |       |       |       |       |       |       |       |       ||    28
   Cast: Magic Dart        |    26 |       |       |       |       |       |       |       |       ||    26
         Searing Ray       |    17 |    19 |    80 |    20 |     1 |       |       |       |       ||   137
         Freezing Cloud    |       |       |    10 |    79 |    27 |       |     1 |       |       ||   117
         Iskenderun's Myst |       |       |     2 |    57 |    46 |       |     1 |       |       ||   106
         Blink             |       |       |     2 |       |       |       |       |       |       ||     2
         Storm Form        |       |       |       |       |    71 |    56 |    61 |    63 |    39 ||   290
         Irradiate         |       |       |       |       |    17 |    18 |    12 |    10 |     5 ||    62
         Wereblood         |       |       |       |       |     1 |    31 |    25 |     7 |    13 ||    77
         Maxwell's Capacit |       |       |       |       |       |       |    13 |    13 |       ||    26
         Manifold Assault  |       |       |       |       |       |       |       |    63 |    85 ||   148
Ability: Blinkbolt         |       |       |       |       |    21 |    30 |    22 |    10 |     8 ||    91
         End Transformatio |       |       |       |       |     7 |     4 |     2 |     5 |     2 ||    20
  Evoke: Wand              |       |       |       |     1 |       |       |       |       |     1 ||     2
    Use: Scroll            |     4 |     4 |     3 |    15 |    15 |     4 |    12 |     8 |     3 ||    68
         Potion            |     1 |     1 |       |     1 |     2 |     4 |     3 |     6 |    15 ||    33
   Stab: Sleeping          |     1 |       |       |       |     4 |     2 |     2 |       |       ||     9
         Invisible         |       |       |       |     1 |       |     1 |       |       |       ||     2
         Distracted        |       |       |       |       |       |       |     2 |       |     2 ||     4
         Paralysed         |       |       |       |       |       |       |       |     1 |       ||     1
 Armour: Robe              |    30 |    23 |    38 |    24 |    10 |     5 |     5 |     3 |     1 ||   139
         Troll leather arm |       |       |       |    21 |       |       |       |       |       ||    21
         Skin              |       |       |       |       |   199 |   236 |   164 |   246 |    80 ||   925
  Dodge: Dodged            |    75 |    71 |    60 |   106 |   747 |  1030 |   830 |  1060 |   441 ||  4420

Table legend: (Time is in decaauts)
 A = Elapsed time spent in this place.
 B = Non-inter-level travel time spent in this place.
 C = Inter-level travel time spent in this place.
 D = Time resting spent in this place.
 E = Time spent auto-exploring this place.
 F = Levels seen in this place.
 G = Mean time per level.
                   A        B        C        D        E       F      G
               +--------+--------+--------+--------+--------+-----+--------+
         Total |  61585 |  55958 |   5627 |   2834 |  42603 |  60 | 1026.4 |
       Dungeon |  17209 |  15183 |   2026 |   1066 |  11758 |  15 | 1147.3 |
          Lair |   6248 |   5767 |    481 |    399 |   4427 |   5 | 1249.6 |
         Swamp |   2942 |   2789 |    153 |    106 |   2133 |   4 |  735.5 |
   Spider Nest |   4205 |   4015 |    190 |     24 |   3332 |   4 | 1051.2 |
    Slime Pits |    895 |    847 |     48 |    402 |    215 |   5 |  179.0 |
  Orcish Mines |   1448 |   1347 |    101 |      0 |   1138 |   2 |  724.0 |
   Elven Halls |   3115 |   3008 |    107 |     71 |   2247 |   3 | 1038.3 |
        Vaults |   7937 |   7377 |    560 |    206 |   5665 |   5 | 1587.4 |
         Crypt |   2876 |   2744 |    132 |      0 |   2053 |   3 |  958.7 |
        Depths |   5768 |   4510 |   1258 |    161 |   3669 |   4 | 1442.0 |
           Zot |   5819 |   5252 |    567 |    298 |   3914 |   5 | 1163.8 |
         Abyss |    151 |    151 |      0 |      0 |      0 |   2 |   75.5 |
      Ice Cave |   1248 |   1248 |      0 |      0 |    843 |   1 | 1248.0 |
        Wizlab |    667 |    667 |      0 |      0 |    490 |   1 |  667.0 |
      Gauntlet |   1049 |   1049 |      0 |    100 |    715 |   1 | 1049.0 |
               +--------+--------+--------+--------+--------+-----+--------+

Top non-repeatable levels by time:
Vaults:5: 2175 daAuts
     D:5: 2095 daAuts
Depths:4: 1970 daAuts
  Lair:5: 1829 daAuts
Vaults:3: 1610 daAuts
   Zot:1: 1600 daAuts
    D:10: 1572 daAuts
    D:15: 1540 daAuts
Vaults:4: 1512 daAuts
   Zot:5: 1511 daAuts
Depths:2: 1459 daAuts
     D:9: 1408 daAuts
Vaults:2: 1394 daAuts
Depths:1: 1391 daAuts
  Lair:4: 1380 daAuts
